 Dungeon Crawl Stone Soup version 0.31-a0-986-g5e6e4ef867 (webtiles) character file.

Game seed: 1083448339835741009

146 Naiya55 the Trooper (level 5, -4/43 HPs)
             Began as a Formicid Fighter on Nov 5, 2023.
             Slain by Crazy Yiuf
             ... wielding a +3 quarterstaff of chaos
              (19 damage)
             ... on level 2 of the Dungeon.
             The game lasted 00:01:26 (1444 turns).

Naiya55 the Trooper (Formicid Fighter)              Turns: 1444, Time: 00:01:27

Health: -4/43      AC:  6    Str: 23    XL:     5   Next: 53%
Magic:  5/5        EV:  9    Int:  7    God:
Gold:   70         SH:  5    Dex: 13    Spells: 4/4 levels left

rFire   . . .        a - +0 war axe
rCold   . . .        c - +0 buckler
rNeg    . . .        b - +0 scale mail
rPois   .            (helmet unavailable)
rElec   .            (no cloak)
rCorr   .            (no gloves)
SInv    +            (no boots)
Will    .....        (no amulet) Stlth
                     (no ring)
HPRegen 0.27/turn    (no ring)
MPRegen 0.09/turn

%: no passive effects
@: no status effects
A: permanent stasis, dig shafts and tunnels, antennae 3, four strong arms
a: Dig, Shaft Self


You were on level 2 of the Dungeon.
You visited 1 branch of the dungeon, and saw 2 of its levels.

You collected 70 gold pieces.

Inventory:

Hand Weapons
 a - a +0 war axe (weapon)
Armour
 b - a +0 scale mail (worn)
 c - a +0 buckler (worn)
Scrolls
 e - a scroll of brand weapon {unknown}
 f - a scroll of teleportation {unknown}
 g - 3 scrolls of identify {unknown}
 i - a scroll of revelation {unknown}
 j - a scroll of acquirement {unknown}
 k - a scroll of torment {unknown}
Potions
 d - a potion of might
 h - 3 potions of ambrosia {unknown}


   Skills:
 + Level 4.5 Fighting
 * Level 4.4 Axes
 - Level 3.2 Armour
 - Level 4.0 Shields


You had 4 spell levels left.
You didn't know any spells.
Your spell library contained the following spells:

 Spells                   Type           Power      Damage    Failure   Level
 Necrotise                Necr           0%         1d4       80%         1
 Inner Flame              Hex/Fire       0%         N/A       99%         3
 Vampiric Draining        Necr           0%         2d6       99%         3
 Agony                    Necr           0%         N/A       100%        5
 Yara's Violent Unravell  Hex/Tmut       0%         3d3       100%        5
 Enfeeble                 Hex            0%         N/A       100%        7


Dungeon Overview and Level Annotations

Branches:
Dungeon (2/15)

Altars:

Annotations:
D:2 Crazy Yiuf


Innate Abilities, Weirdness & Mutations

You cannot be hasted, slowed, berserked, paralysed or teleported.
You can dig through walls and to a lower floor.
You have a pair of large antennae on your head. (SInv)
Your four strong arms can wield two-handed weapons with a shield.


Message History

k - a scroll labelled ZINUS PAULAINN
There is a stone staircase leading down here.
You sense a monster nearby.
Natasha, Servant of Life and Death comes into view.
Natasha is nearby!
Natasha hisses angrily.
You slash Natasha!
Natasha is severely wounded.
You block Natasha's attack.
You hit Natasha.
You kill Natasha!
You feel Natasha's spirit has finally been put to rest.
No target in view!
No target in view!
No target in view!
No target in view!
No target in view!
No target in view!
No target in view!
No target in view!
No target in view!
No target in view!
No target in view!
No target in view!
Found a hammer.
Found a runed translucent door.
Crazy Yiuf shouts!
You sense a monster nearby.
There is a stone staircase leading up here.
Crazy Yiuf shouts!
Could not explore, unopened runed door.
No reachable target in view!
You open the door. You barely miss Crazy Yiuf. Crazy Yiuf barely misses you.
You slash Crazy Yiuf!
Crazy Yiuf is heavily wounded.
Crazy Yiuf hits you with a +3 quarterstaff of chaos.
You are electrocuted!
Crazy Yiuf hits you with a +3 quarterstaff of chaos!
You are electrocuted!!
You die...

..#.....†......#
#.###
.###......##.#.#
#...##
.###.........#.#
###..#
.....#...#######
##.# .#####...#
#.# .# #...# #.##
.# ##### ###
♣♣##..# .###
#)..#♣♣ ♣♣.....#
...####
#...g@♣♣♣♣.P....#
.#....####
#...#♣..♣.P....##
.####....# ###
♣♣♣.♣....## .#
###### ♣♣♣♣♣###
.# .# .# .# ##


You could see Crazy Yiuf.

Vanquished Creatures
  Natasha (thrice) (D:2)
  3 adders (D:2)
  A worm (D:2)
  A dart slug (D:2)
  5 ball pythons
  6 bats
  3 endoplasms (D:1)
  2 goblins
  4 hobgoblins
  2 jackals (D:2)
  6 kobolds
  3 frilled lizards
  5 rats
44 creatures vanquished.

Notes
Turn   | Place    | Note
-------+----------+-------------------------------------------
     0 | D:1      | Naiya55 the Formicid Fighter began the quest for the Orb.
     0 | D:1      | Reached XP level 1. HP: 18/18 MP: 1/1
   116 | D:1      | Reached XP level 2. HP: 24/24 MP: 2/2
   540 | D:1      | Reached XP level 3. HP: 30/30 MP: 3/3
   722 | D:2      | Reached XP level 4. HP: 25/37 MP: 4/4
   896 | D:2      | Noticed Natasha
   902 | D:2      | Killed Natasha
  1075 | D:2      | Reached XP level 5. HP: 42/42 MP: 5/5
  1086 | D:2      | Noticed Natasha
  1099 | D:2      | Killed Natasha
  1321 | D:2      | Noticed Natasha
  1324 | D:2      | Killed Natasha
  1355 | D:2      | Found a runed translucent door.
  1356 | D:2      | Noticed Crazy Yiuf
  1444 | D:2      | Slain by Crazy Yiuf

Illustrated notes

Levels and vault maps discovered:
D:1:      matt_arrival_los_fun, layout_loops_ring
D:2:      layout_rooms, uniq_natasha, uniq_crazy_yiuf_cottage

Skill      XL: |  1  2  3  4 |
---------------+-------------+-----
Axes           | 3 4 |  4.4
Fighting       | 4 |  4.5
Armour         | |  3.2
Shields        | |  4.0

Action                     |  1- 3 |  4- 6 || total
---------------------------+-------+-------++-------
  Melee: War axe           |    66 |    50 ||   116
 Armour: Scale mail        |    40 |    52 ||    92
  Dodge: Dodged            |    34 |    22 ||    56
  Block: Buckler           |    21 |    13 ||    34

Table legend: (Time is in decaauts)
 A = Elapsed time spent in this place.
 B = Non-inter-level travel time spent in this place.
 C = Inter-level travel time spent in this place.
 D = Time resting spent in this place.
 E = Time spent auto-exploring this place.
 F = Levels seen in this place.
 G = Mean time per level.
                   A        B        C        D        E       F      G
               +--------+--------+--------+--------+--------+-----+--------+
         Total |   1486 |   1479 |      7 |      0 |   1183 |   2 |  743.0 |
       Dungeon |   1486 |   1479 |      7 |      0 |   1183 |   2 |  743.0 |
               +--------+--------+--------+--------+--------+-----+--------+

Top non-repeatable levels by time:
     D:2: 757 daAuts
     D:1: 728 daAuts
